 Dungeon Crawl Stone Soup version 0.24-a0-458-gfcb5e6da0e (webtiles) character file.

Game seed: 13191492007370140723

37 KristoblXynda the Charmwright (level 3, -3/16 HPs)
             Began as a Felid Skald on June 26, 2019.
             Slain by a centaur (9 damage)
             ... on level 2 of the Dungeon.
             The game lasted 00:02:45 (1764 turns).

KristoblXynda the Charmwright (Felid Skald)         Turns: 1764, Time: 00:02:45

Health: -3/16      AC:  1    Str:  5 (8)  XL:     3   Next: 23%
Magic:  5/7        EV: 18    Int: 13 (14) God:
Gold:   29         SH:  0    Dex: 14 (15) Spells: 5/6 levels left
                                        Lives:  0   Deaths: 0

rFire    . . .     SeeInvis +     - Unarmed
rCold    . . .     Gourm    .   (shield unavailable)
rNeg     . . .     Faith    .   (armour unavailable)
rPois    +         Spirit   .   (helmet unavailable)
rElec    .         Reflect  .   (cloak unavailable)
rCorr    .         Harm     .   (gloves unavailable)
MR       .....                  (boots unavailable)
Stlth    ++........             (no amulet)
HPRegen  0.05/turn              i - ring of poison resistance
MPRegen  0.10/turn              f - ring of flight

@: infused, quick
A: very small, no armour, no weapons or thrown items, stealth, claws 1, fangs 3,
see invisible, carnivore, speed 1, shaggy fur 1, slow metabolism 1, sharp paws
a: Evoke Flight


You were on level 2 of the Dungeon.
You were full.

You visited 1 branch of the dungeon, and saw 2 of its levels.

You collected 29 gold pieces.

Inventory:

Jewellery
 f - a ring of flight (right paw)
 i - a ring of poison resistance (left paw)
Scrolls
 a - 3 scrolls of identify {unknown}
 c - a scroll of amnesia {unknown}
 d - a scroll of teleportation {unknown}
 e - a scroll of noise {unknown}
Potions
 g - a potion of cancellation {unknown}
 h - a potion of degeneration
Comestibles
 b - a ration


   Skills:
 - Level 2.0 Fighting
 + Level 3.8 Dodging
 + Level 1.9 Stealth
 + Level 2.4 Unarmed Combat
 - Level 2.0 Spellcasting
 + Level 4.1 Charms


You had 5 spell levels left.
You knew the following spells:

 Your Spells              Type           Power        Failure   Level  Hunger
a - Infusion              Chrm           ##..         4%          1    ##.....

Your spell library contained the following spells:

 Spells                   Type           Power        Failure   Level  Hunger
 Song of Slaying          Chrm           ##......     7%          2    ###....
 Shroud of Golubria       Chrm/Tloc      #.....       17%         2    ###....
 Regeneration             Chrm/Necr      #.........   32%         3    ####...
 Spectral Weapon          Hex/Chrm       Unusable     N/A         3    N/A

Dungeon Overview and Level Annotations

Branches:
Dungeon (2/15)

Altars:


Innate Abilities, Weirdness & Mutations

You cannot wear armour.
You are incapable of wielding weapons or throwing items.
Your paws allow you to move quietly. (Stealth)
You have sharp claws.
You have razor-sharp teeth.
You have supernaturally acute eyesight. (SInv)
You are carnivorous and can eat meat at any time.
You cover ground quickly.
You are covered in fur. (AC +1)
You have a slow metabolism.
Your sharp claws are effective at attacking unaware monsters.


Message History

You kill the hobgoblin!
You start waiting.
Eating a chunk of flesh.
You eat the chunk of flesh.
This raw flesh tastes great.
The centaur is too close now for your liking.
Casting: Infusion (safe; 4% risk of failure)
Confirm with . or Enter, or press ? or * to list all spells.
You begin infusing your attacks with magical energy.
You scratch the centaur.
The centaur is lightly wounded.
The centaur unwields a +0 shortbow.
The centaur hits you!
Ouch! That really hurt!
You scratch the centaur. Your bite misses the centaur.
The centaur is moderately wounded.
The centaur misses you.
It was a potion of degeneration.
There was something very wrong with that liquid.
You feel weakened.
You feel dopey.
You feel clumsy. The centaur hits you!
Ouch! That really hurt!
You die...

###..###................g#.###
# #.#..#...#...#.............#
#.#..###.#............#.....
.........#...............#..
###..#.#.#................b
#....#.#.###..##..c...#
###..###.##...#.......##
.........##.รท..c##......
#####.........#.@.......
................#..%....
######................##
#........#.......#
#........#..##...#
##########.## ...# #.# ### ###


You could see a centaur.

Vanquished Creatures
  An adder (D:2)
  A worm (D:2)
  7 bats
  A giant cockroach (D:1)
  2 goblins
  3 hobgoblins
  3 jackals (D:1)
  2 kobolds (D:1)
  4 rats
24 creatures vanquished.

Notes
Turn   | Place    | Note
-------+----------+-------------------------------------------
     0 | D:1      | KristoblXynda the Felid Skald began the quest for the Orb.
     0 | D:1      | Reached XP level 1. HP: 9/9 MP: 4/4
   245 | D:1      | Reached skill level 1 in Stealth
   359 | D:1      | Reached XP level 2. HP: 13/13 MP: 6/6
   973 | D:2      | Reached skill level 4 in Charms
  1093 | D:2      | Reached XP level 3. HP: 13/16 MP: 2/7
  1186 | D:2      | Noticed a centaur
  1764 | D:2      | Slain by a centaur

Levels and vault maps discovered:
D:1:      matt_arrival_spirals, layout_basic
D:2:      layout_rooms, first_ration, minmay_misc_feat_nine_boxes,
          lemuel_flame_loot_1

Skill      XL: |  1  2 |
---------------+-------+-----
Stealth        | 1 |  1.9
Charms         | 4 |  4.1
Fighting       | |  2.0
Dodging        | |  3.8
Unarmed Combat | |  2.4
Spellcasting   | |  2.0

Action                   || total
-------------------------++-------
Melee: Unarmed           ||    82
       Bite              ||     4
 Cast: Infusion          ||     7
  Use: Potion            ||     1
 Stab: Sleeping          ||     3
  Eat: Chunk             ||     6
Armor: Skin              ||    14
Dodge: Dodged            ||   105

Table legend:
 A = Non-vault XP
 B = Vault XP
 C = Vault XP percentage of total XP
 D = Non-vault monster count
 E = Vault monster count
 F = Vault count percentage of total count
                 A         B        C        D         E       F
            +---------+---------+-------+---------+---------+-------
      Total |      54 |       0 |   0.0 |      24 |       0 |   0.0
            +---------+---------+-------+---------+---------+-------
        D:1 |      24 |       0 |   0.0 |      15 |       0 |   0.0
        D:2 |      30 |       0 |   0.0 |       9 |       0 |   0.0
            +---------+---------+-------+---------+---------+-------
